 Dungeon Crawl Stone Soup version 0.21.1-1-g345015fe64 (webtiles) character file.

16 Hercules1031 the Charmwright (level 2, 0/24 HPs)
             Began as a Draconian Skald on June 9, 2018.
             Slain by a leopard gecko (4 damage)
             ... on level 1 of the Dungeon.
             The game lasted 00:02:16 (289 turns).

Hercules1031 the Charmwright (Draconian Skald)       Turns: 289, Time: 00:02:16

Health: 0/24       AC:  4    Str: 13    XL:     2   Next: 41%
Magic:  5/5        EV: 12    Int: 13    God:
Gold:   0          SH:  0    Dex: 10    Spells: 4/5 levels left

rFire    . . .     SeeInvis .   a - +0 mace
rCold    . . .     Gourm    .   (no shield)
rNeg     . . .     Faith    .   (armour unavailable)
rPois    .         Spirit   .   (helmet restricted)
rElec    .         Reflect  .   (no cloak)
rCorr    .         Harm     .   (no gloves)
MR       .....                  (no boots)
Stlth    +.........             (no amulet)
HPRegen  0.08/turn              (no ring)
MPRegen  0.09/turn              (no ring)

@: no status effects
A: unfitting armour, cold-blooded, AC +4
a: no special abilities


You were on level 1 of the Dungeon.
You were not hungry.

You visited 1 branch of the dungeon, and saw 1 of its levels.

Inventory:

Hand Weapons
 a - a +0 mace (weapon)
Armour
 e - a +3 leather armour
Potions
 d - a potion of mutation {unknown}
Books
 b - a book of Battle

   Spells                             Type                      Level
   a - Infusion                       Charms                       1
   b - Shroud of Golubria             Charms/Translocation         2
   c - Song of Slaying                Charms                       2
   d - Spectral Weapon                Hexes/Charms                 3
   e - Regeneration                   Charms/Necromancy            3
Comestibles
 c - a ration


   Skills:
 + Level 2.3 Fighting
 + Level 2.1 Maces & Flails
 + Level 2.4 Dodging
 + Level 2.2 Spellcasting
 + Level 3.0 Charms


You had 4 spell levels left.
You knew the following spells:

 Your Spells              Type           Power        Failure   Level  Hunger
a - Infusion              Chrm           #...         7%          1    ##.....


Dungeon Overview and Level Annotations

Branches:
Dungeon (1/15)

Altars:


Innate Abilities, Weirdness & Mutations

Your plain brown scales are hard. (AC +4)
You cannot fit into any form of body armour.
You are cold-blooded and may be slowed by cold attacks.


Message History

The kobold shouts!
The hobgoblin shouts!
The leopard gecko hisses angrily.
Found a scroll labeled QOEBIS FEUB.
The leopard gecko bites you. x2
The kobold hits you but does no damage.
The giant cockroach bites you but does no damage.
You see here a hand axe.
The leopard gecko closely misses you. The giant cockroach misses you.
You closely miss the kobold. The leopard gecko misses you.
The giant cockroach bites you but does no damage. x2
The leopard gecko barely misses you. The kobold barely misses you.
The kobold misses you.
You hit the hobgoblin but do no damage. The giant cockroach misses you.
The hobgoblin completely misses you. The kobold closely misses you.
The giant cockroach barely misses you. The leopard gecko bites you.
You closely miss the hobgoblin.
The hobgoblin hits you but does no damage.
The kobold hits you.
* * * LOW HITPOINT WARNING * * *
The giant cockroach closely misses you. The leopard gecko bites you.
You die...

#..# ########..#
.......#### ......##..##
.........# ....†......#
#........# ......####g##
#..[.....# ......# #..#
#........# ......#
##.###........# ......#
#......s.....# .(....#
##....@g.....##########
........
.......lK...............
..g...##
####..........##########
#..$.......#
#...(......#
#..........#
#..####?#### ##. #.# #.
#.#


You could see a leopard gecko, a giant cockroach, a hobgoblin and a kobold.

Vanquished Creatures
  A dart slug (D:1)
  A leopard gecko (D:1)
  3 goblins (D:1)
  3 hobgoblins (D:1)
  A kobold (D:1)
  2 frilled lizards (D:1)
  A rat (D:1)
  A plant (D:1)
13 creatures vanquished.

Notes
Turn   | Place    | Note
-------+----------+-------------------------------------------
     0 | D:1      | Hercules1031 the Draconian Skald began the quest for the Orb.
     0 | D:1      | Reached XP level 1. HP: 17/17 MP: 3/3
   133 | D:1      | Reached skill level 3 in Charms
   133 | D:1      | Reached XP level 2. HP: 10/24 MP: 5/5
   289 | D:1      | Slain by a leopard gecko

Skill      XL: |  1 |
---------------+----+-----
Charms         | 3 |  3.0
Fighting       | |  2.3
Maces & Flails | |  2.1
Dodging        | |  2.4
Spellcasting   | |  2.2

Action                   || total
-------------------------++-------
Melee: Mace              ||    78
       Tailslap          ||     8
 Cast: Infusion          ||     1
 Stab: Sleeping          ||     1
Armor: Skin              ||    16
Dodge: Dodged            ||    39
